 Dungeon Crawl Stone Soup version 0.30.1 (webtiles) character file.

Game seed: 8043724488732999942

186 Graphine the Chopper (level 5, -2/47 HPs)
             Began as a Hill Orc Fighter on July 3, 2023.
             Killed from afar by Sigmund (18 damage)
             ... with a bolt of light
             ... on level 3 of the Dungeon.
             The game lasted 00:03:20 (2323 turns).

Graphine the Chopper (Hill Orc Fighter)             Turns: 2323, Time: 00:03:21

Health: -2/47      AC:  7    Str: 21    XL:     5   Next: 65%
Magic:  5/5        EV: 14    Int:  8    God:
Gold:   225        SH:  5    Dex: 10    Spells: 4/4 levels left

rFire   . . .        a - +1 war axe
rCold   . . .        c - +1 buckler
rNeg    . . .        b - +0 scale mail
rPois   .            (no helmet)
rElec   .            (no cloak)
rCorr   .            (no gloves)
SInv    .            (no boots)
Will    .....        (no amulet) Stlth
                     j - +5 ring of evasion
HPRegen 0.27/turn    (no ring)
MPRegen 0.09/turn

%: no passive effects
@: no status effects
A: no striking features
a: no special abilities


You were on level 3 of the Dungeon.
You visited 1 branch of the dungeon, and saw 3 of its levels.

You collected 225 gold pieces.

Inventory:

Hand Weapons
 a - a +1 war axe (weapon)
Missiles
 g - 4 throwing nets (quivered)
Armour
 b - a +0 scale mail (worn)
 c - a +1 buckler (worn)
Jewellery
 j - a +5 ring of evasion (left hand)
 n - an amulet of regeneration
Wands
 p - a wand of digging (5)
Scrolls
 e - a scroll of enchant armour
 f - 2 scrolls of teleportation
 h - a scroll of torment
 o - 2 scrolls of identify
 q - a scroll of poison
 s - a scroll of blinking {unknown}
Potions
 d - a potion of might
 i - 2 potions of invisibility
 k - a potion of magic {unknown}
 l - 2 potions of curing {unknown}
 m - 2 potions of flight {unknown}
 r - a potion of lignification {unknown}


   Skills:
 + Level 4.6 Fighting
 * Level 5.1 Axes
 + Level 4.2 Armour
 + Level 4.2 Shields


You had 4 spell levels left.
You didn't know any spells.
Your spell library contained the following spells:

 Spells                   Type           Power      Damage    Failure   Level
 Ensorcelled Hibernation  Hex/Ice        0%         N/A       91%         2
 Spider Form              Tmut/Pois      0%         N/A       99%         3
 Anguish                  Hex/Necr       0%         N/A       100%        4


Dungeon Overview and Level Annotations

Branches:
Dungeon (3/15)

Altars:
Wu Jian

Shops:
D:2 *

Annotations:
D:3 Sigmund


Message History

You slash the gnoll!
You kill the gnoll!
The gnoll barely misses you.
You hit the gnoll.
The gnoll is almost dead.
The gnoll hits you with a +0 flail.
You slash the gnoll!
You kill the gnoll!
No target in view!
g - 4 throwing nets (gained 2)
You see here a +0 spear.
You see here a +0 spear.
You see here a +0 flail.
There is a stone staircase leading down here.
Sigmund the Dreaded comes into view.
He is wielding a +2 scythe of protection and carrying a wand of light (12).
Sigmund shouts!
Sigmund gestures wildly while chanting.
Sigmund flickers and vanishes!
Deactivating autopickup; reactivate with Ctrl-A.
No target in view!
No target in view!
You are confused.
You're too confused to move!
You are more confused.
You bump into the rock wall.
You hear a zap.
A bolt of light appears from out of thin air!
The bolt of light hits you!
You're too confused to move!
A puff of flame appears from out of thin air!
The puff of flame hits you. Something hits you but does no damage.
You hear a zap.
A bolt of light appears from out of thin air!
The bolt of light hits you!
You feel less confused.
You hear a zap.
A bolt of light appears from out of thin air!
The bolt of light hits you!!
You die...

#....)....#..........#
#....))...#..........#####
#.........#............!..
#.........#...............
#.........#...............
#####...###...............
#...# #.....>.........
#...# #.......{..####
#...# #.....@....# #...#
#........).# #...#
############ #...# #####


There were no monsters in sight!

Vanquished Creatures
  An orc wizard (D:3)
  3 adders (D:2)
  7 gnolls
  2 worms (D:2)
  8 orcs (D:3)
  5 ball pythons
  3 endoplasms
  A giant cockroach (D:2)
  5 goblins
  2 hobgoblins (D:2)
  3 jackals (D:2)
  4 quokkas
  4 bats
  3 kobolds
  A rat (D:2)
52 creatures vanquished.

Notes
Turn   | Place    | Note
-------+----------+-------------------------------------------
     0 | D:1      | Graphine the Hill Orc Fighter began the quest for the Orb.
     0 | D:1      | Reached XP level 1. HP: 19/19 MP: 1/1
   271 | D:1      | Reached skill level 3 in Axes
   686 | D:2      | Reached XP level 2. HP: 27/27 MP: 2/2
   721 | D:2      | Reached XP level 3. HP: 32/33 MP: 3/3
   811 | D:2      | Reached skill level 4 in Axes
   955 | D:2      | Reached XP level 4. HP: 40/40 MP: 4/4
  1401 | D:2      | Found Fysmaar's Assorted Antiques.
  1810 | D:3      | Found a faded altar of an unknown god.
  1863 | D:3      | Reached XP level 5. HP: 41/47 MP: 5/5
  2091 | D:3      | Found an ornate altar of the Wu Jian Council.
  2225 | D:3      | Reached skill level 5 in Axes
  2310 | D:3      | Noticed Sigmund
  2323 | D:3      | Killed from afar by Sigmund

Illustrated notes

Levels and vault maps discovered:
D:1:      dpeg_arrival_lava_temple_mockup, layout_loops_ring,
          serial_bayou_pond_d, minmay_misc_feat_chi
D:2:      layout_basic, serial_shops, nicolae_shop_tiny_glass,
          grunt_ministairs_5
D:3:      layout_basic, mainiacjoe_overflow_brackets,
          hellmonk_ecumenical_altar_lost_god, uniq_sigmund

Skill      XL: |  1  2  3  4  5 |
---------------+----------------+-----
Axes           | 3 4 5 |  5.1
Fighting       | 4 |  4.6
Armour         | 4 |  4.2
Shields        | 4 |  4.2

Action                     |  1- 3 |  4- 6 || total
---------------------------+-------+-------++-------
  Melee: War axe           |    55 |    95 ||   150
    Use: Scroll            |     4 |     2 ||     6
 Armour: Scale mail        |    19 |    29 ||    48
  Dodge: Dodged            |    40 |    68 ||   108
  Block: Buckler           |    12 |    25 ||    37
